 Dungeon Crawl Stone Soup version 0.19.5 (webtiles) character file.

88 equalderp2856 the Sneak (level 4, -9/19 HPs)
             Began as a Felid Ice Elementalist on Apr 1, 2017.
             Engulfed by a cloud of freezing vapour (28 damage)
             ... on level 2 of the Dungeon.
             The game lasted 00:11:19 (5236 turns).

equalderp2856 the Sneak (Felid Ice Elementalist)    Turns: 5236, Time: 00:11:19

Health: -9/19      AC:  1    Str:  4    XL:     4   Next: 29%
Magic:  0/8        EV: 19    Int: 16    God:
Gold:   165        SH:  0    Dex: 17    Spells: 2 memorised, 2 levels left
                                        Lives:  0   Deaths: 1

rFire  . . .     SeeInvis +       - Unarmed
rCold  . . .     Gourm    .     (armour unavailable)
rNeg   . . .     Faith    .     (shield unavailable)
rPois  .         Spirit   .     (helmet unavailable)
rElec  .         Reflect  .     (cloak unavailable)
rCorr  .         Harm     .     (gloves unavailable)
MR     .....                    (boots unavailable)
Stlth  +++.......               (no amulet)
                                (no ring)
                                (no ring)

@: very slightly contaminated, quick
A: no armour, no weapons or thrown items, stealth, claws 1, fangs 3, see
invisible, carnivore 3, speed 1, shaggy fur 1, slow metabolism 1, sharp paws
a: no special abilities


You were on level 2 of the Dungeon.
You were not hungry.

You visited 1 branch of the dungeon, and saw 3 of its levels.

You collected 165 gold pieces.

Inventory:

Jewellery
 d - a cursed ring of teleportation {unknown}
 k - a cursed amulet of inaccuracy {unknown}
Scrolls
 c - a scroll of amnesia {unknown}
 e - a scroll of remove curse
 q - a scroll of recharging
Potions
 h - a potion of lignification {unknown}
 i - a potion of curing {unknown}
 j - a potion of haste {unknown}
 l - a potion of cancellation {unknown}
 m - a potion of resistance {unknown}
 p - 2 potions of ambrosia {unknown}
 r - a potion of flight {unknown}
Books
 a - a book of Frost

   Spells                             Type                      Level
   a - Freeze                         Ice                          1
   b - Throw Frost                    Conjuration/Ice              2
   c - Ozocubu's Armour               Charms/Ice                   3
   d - Throw Icicle                   Conjuration/Ice              4
   e - Summon Ice Beast               Ice/Summoning                4
Comestibles
 b - a meat ration
 f - 2 beef jerkies
 g - a slice of pizza


   Skills:
 + Level 1.1 Fighting
 + Level 4.2 Dodging
 + Level 5.2 Stealth
 + Level 1.6 Unarmed Combat
 - Level 2.0 Spellcasting
   Level 0.8 Conjurations
 + Level 0.4 Summonings
 - Level 2.6 Ice Magic


You had 2 spell levels left.
You knew the following spells:

 Your Spells              Type           Power        Failure   Level  Hunger
a - Freeze                Ice            ##..         10%         1    #......
b - Summon Ice Beast      Ice/Summ       #.......     91%         4    #####..


Dungeon Overview and Level Annotations

Branches:
Dungeon (3/15)

Altars:

Annotations:
D:2 Terence


Innate Abilities, Weirdness & Mutations

You cannot wear armour.
You are incapable of wielding weapons or throwing items.
Your paws allow you to move quietly. (Stealth)
You have sharp claws.
You have razor-sharp teeth.
You have supernaturally acute eyesight. (SInv)
You are carnivorous and can eat meat at any time.
You cover ground quickly.
You are covered in fur. (AC +1)
You have a slow metabolism.
Your sharp claws are effective at attacking unaware monsters.


Message History

You start resting.
Magic restored.
Casting: Freeze
Confirm with . or Enter, or press ? or * to list all spells.
The spell is very dangerous to cast!
Continue anyway?
Okay, then.
There is a stone staircase leading down here.
Casting: Summon Ice Beast
Confirm with . or Enter, or press ? or * to list all spells.
The spell is very dangerous to cast!
Continue anyway?
You miscast Summon Ice Beast.
You are very lightly contaminated with residual magic.
Strange energies run through your body.
Casting: Summon Ice Beast
Confirm with . or Enter, or press ? or * to list all spells.
The spell is very dangerous to cast!
Continue anyway?
You miscast Summon Ice Beast.
Freezing gases pour from your paws!
You are engulfed in freezing vapours.
Ouch! That really hurt!
You die...

..# #.# .. #.##.#. #.#### #.# ...
#.##.#. #....# #.# ... #.##.#.
####.# #.# #.##.#. ...#.# #.#
#.##.## ##.#.# #.# #.#....
#.#.####### ##.##########.#####
#.#.......# #§§§..........#....
#.#######.####§@############.###
##............§§§############.###
###....#........§................
##...............############.###
##.....##........############.#
##.....##....♣..♣.............###
##.....##..♣♣♣P..♣###########....
.......##.♣♣♣...P♣#.........#....
......###♣♣♣.♣♣♣♣.#.#######.#....


There were no monsters in sight!

Vanquished Creatures
  3 adders (D:2)
  2 oozes (D:1)
  2 worms (D:2)
  7 dart slugs
  2 orcs (D:3)
  2 giant cockroaches
  9 goblins
  10 hobgoblins
  9 jackals
  4 kobolds
  A ball python (D:2)
  11 bats
  5 frilled lizards
  3 rats
  A bush (D:2)
71 creatures vanquished.

Notes
Turn   | Place    | Note
-------+----------+-------------------------------------------
     0 | D:1      | equalderp2856 the Felid Ice Elementalist began the quest for the Orb.
     0 | D:1      | Reached XP level 1. HP: 7/7 MP: 4/4
    29 | D:1      | Reached skill level 3 in Stealth
    91 | D:1      | Reached XP level 2. HP: 4/11 MP: 6/6
  1003 | D:1      | Reached skill level 4 in Stealth
  1005 | D:1      | Reached XP level 3. HP: 10/14 MP: 0/7
  1594 | D:1      | Reached skill level 1 in Fighting
  2098 | D:2      | Reached skill level 1 in Unarmed Combat
  2146 | D:2      | Reached XP level 4. HP: 19/19 MP: 3/8
  2235 | D:1      | Learned a level 4 spell: Summon Ice Beast
  2547 | D:1      | Noticed a hellwing
  2547 | D:1      | Noticed a chaos spawn
  2585 | D:2      | Engulfed by a cloud of freezing vapour
  2586 | D:2      | Reached XP level 3. HP: -22/15 MP: 0/7
  2593 | D:2      | Found a faded altar of an unknown god.
  4142 | D:2      | Reached skill level 5 in Stealth
  4142 | D:2      | Reached XP level 4. HP: 13/19 MP: 1/8
  4301 | D:2      | Noticed Terence
  4607 | D:1      | Noticed a spatial vortex
  4607 | D:1      | Noticed a spatial vortex
  4767 | D:1      | Noticed a Brimstone Fiend
  5236 | D:2      | Engulfed by a cloud of freezing vapour

Skill      XL: |  1  2  3 |
---------------+----------+-----
Dodging        | 3 4 |  4.2
Stealth        | 3 4 5 |  5.2
Fighting       | 1 |  1.1
Unarmed Combat | 1 |  1.6
Spellcasting   | |  2.0
Conjurations   | |  0.8
Summonings     | |  0.4
Ice Magic      | |  2.6

Action                   |  1- 3 |  4- 6 || total
-------------------------+-------+-------++-------
Melee: Unarmed           |   287 |     2 ||   289
       Bite              |    46 |       ||    46
 Cast: Freeze            |    90 |    30 ||   120
  Use: Scroll            |     6 |       ||     6
 Stab: Sleeping          |     7 |       ||     7
       Distracted        |     2 |       ||     2
  Eat: Chunk             |    13 |     4 ||    17
Armor: Skin              |     9 |     2 ||    11
Dodge: Dodged            |   116 |    38 ||   154
